Cogmind - Beta 13 @@@ ROGUE MODE // 2024.07.25 @ 13:59:42 Player: Sgt. SmokeWeed Result: Destroyed by as-33183 with Assembled Blade Performance ------------- Evolutions (1) 500 Regions Visited (4) 800 Robots Destroyed (50) 250 Value Destroyed (1348) 1348 Prototype IDs (1) 20 Alien Tech Used (0) 0 Bonus (67) 67 TOTAL SCORE: 2985 Bonus ------- High Alert Combat Kills 67 Cogmind --------- Core Integrity 0/400 Matter 300/300 Energy 100/100 System Corruption 7% Temperature Warning (335) Movement Core (50) Location -9/Mines Parts ------- > --- POWER (1) -------- (None) > --- PROPULSION (2) --- (None) > --- UTILITY (2) ------ High-powered Tractor Beam > --- WEAPON (4) ------- (None) > --- INVENTORY (5) ---- Aluminum Leg Peak State ------------ > --- POWER ------------ Improved Ion Engine > --- PROPULSION ------- Aluminum Leg Aluminum Leg > --- UTILITY ---------- Hacking Suite High-powered Tractor Beam > --- WEAPON ----------- Improved EM Shotgun Improved EM Shotgun Shotgun Rocket Launcher > --- INVENTORY -------- (None) [Rating: 19] Favorites ----------- Power Ion Engine Engine Ion Engine Power Core Light Nuclear Core Propulsion Aluminum Leg Leg Aluminum Leg Utility Hacking Suite Device High-powered Tractor Beam Hackware Hacking Suite Weapon Assault Rifle Energy Gun Improved EM Shotgun Ballistic Gun Assault Rifle Launcher Grenade Launcher Build | -11 -10 -10 -9 -9 ------- Run | Yrd Mat Min Mat Min Slots Evolved 2 | . . . 2 . Power . | . . . . . Propulsion . | . . . . . Utility . | . . . . . Weapon 2 | . . . 2 . Parts Attached 25 | 5 7 . 12 1 Power 5 | 1 2 . 2 . Engine 4 | 1 1 . 2 . Core 1 | . 1 . . . Reactor . | . . . . . Propulsion 9 | 2 2 . 4 1 Treads . | . . . . . Leg 9 | 2 2 . 4 1 Wheel . | . . . . . Hover . | . . . . . Flight . | . . . . . Utility 3 | . 2 . 1 . Device 1 | . . . 1 . Storage . | . . . . . Processor . | . . . . . Hackware 2 | . 2 . . . Protection . | . . . . . Artifact . | . . . . . Weapon 8 | 2 1 . 5 . Energy Gun 3 | . . . 3 . Energy Cannon . | . . . . . Ballistic Gun 3 | 2 . . 1 . Ballistic Cannon . | . . . . . Launcher 2 | . 1 . 1 . Special Weapon . | . . . . . Impact Weapon . | . . . . . Slashing Weapon . | . . . . . Piercing Weapon . | . . . . . Special Melee Weapon . | . . . . . Unidentified Prototypes 1 | . . . 1 . Parts Lost 19 | . 3 . 8 8 Power 4 | . 1 . 2 1 Propulsion 7 | . 2 . 3 2 Utility 2 | . . . 1 1 Weapon 6 | . . . 2 4 Highest Loss Streak 8 | . 2 . 4 8 To Critical Strikes . | . . . . . Average Slot Usage (%) 79 | . 76 100 77 96 Engine 7 | . 4 14 10 10 Core 2 | . 4 . . . Leg 22 | . 22 28 21 21 Device 2 | . . . 4 11 Hackware 16 | . 15 28 17 10 Energy Gun 3 | . . . 1 21 Ballistic Gun 16 | . 22 14 10 10 Launcher 8 | . 5 14 11 10 Naked Turns . | . . . . . Heaviest Build 21 | 8 10 10 21 21 Greatest Support 23 | 20 20 20 23 20 Greatest Overweight (x) 2 | 2 . . 1 1 Average Overweight (x) . | . . . . . Largest Inventory Capacity 5 | 5 5 5 5 5 Average Capacity 5 | 5 5 5 5 5 Most Carried 2 | . 1 . 2 1 Average Carried . | . . . . . Final Capacity 5 | 5 5 5 5 5 Final Carried 1 | . . . . 1 Class Distribution -------------------- 37% | Hacker-Mutant 30% | Mutant 17% | Scavenger-Mutant 13% | Scavenger-Gunner Dominant Class ---------------- Mutant | -10/Materials Scavenger-Mutant | -10/Mines Hacker-Mutant | -9/Materials Scavenger-Gunner | -9/Mines Resources | -11 -10 -10 -9 -9 ----------- Run | Yrd Mat Min Mat Min Matter Collected 1046 | 152 423 . 400 71 Remotely 358 | . . . 287 71 Salvage Created 1357 | . 550 . 674 133 Parts 108 | . 50 . 51 7 Haulers Intercepted 3 | . 1 . 2 . Recyclers Shooed 2 | . . . 1 1 Parts Field Recycled . | . . . . . Retrieved Matter . | . . . . . Parts Self-Destructed . | . . . . . Prevented . | . . . . . Kills | -11 -10 -10 -9 -9 ------- Run | Yrd Mat Min Mat Min Combat Hostiles Destroyed 32 | . 12 . 16 4 Guns 17 | . 7 . 7 3 AOE 15 | . 5 . 9 1 Classes Destroyed 11 | . 5 . 4 2 Worker 2 | . 1 . 1 . Builder 3 | . . . 3 . Hauler 3 | . 1 . 2 . Recycler 2 | . . . 2 . Operator 4 | . 4 . . . Watcher 5 | . 3 . 2 . Swarmer 3 | . . . 3 . Grunt 21 | . 12 . 7 2 Brawler 1 | . . . . 1 Sentry 6 | . . . 6 . Assembled 1 | . . . . 1 Best Kill Streak 9 | . 6 . 9 3 Combat Bots Only 6 | . 5 . 6 3 Max Kills in Single Turn 3 | . 2 . 3 2 Gunslinging . | . . . . . Exploded 2 | . 2 . 2 1 Melee . | . . . . . Uniques/NPCs Destroyed . | . . . . . Combat | -11 -10 -10 -9 -9 -------- Run | Yrd Mat Min Mat Min Hostile Shots Fired 191 | . 68 . 73 50 Missed 48 | . 13 . 31 4 Damage Taken 1974 | . 662 . 619 693 Core 637 | . 228 . 134 275 Absorbed by Shields . | . . . . . Core Remaining (%) 54 | 100 . 8 . . Volleys Fired 98 | . 52 . 39 7 Largest 4 | . 2 . 3 4 Hottest 146 | . 50 . 86 146 Shots Fired 182 | . 103 . 61 18 Gun 149 | . 96 . 36 17 Cannon . | . . . . . Launcher 33 | . 7 . 25 1 Special . | . . . . . Kinetic 135 | . 96 . 36 3 Thermal . | . . . . . Explosive 33 | . 7 . 25 1 Electromagnetic 14 | . . . . 14 Robot Hit Streak 15 | . 12 . 15 8 Robot Miss Streak 4 | . 3 . 4 3 Penetration Max . | . . . . . Secondary Targets 1 | . 1 . . . Max Gunslinging Chain 1 | . 1 . . . Shots Hit Robots 116 | . 64 . 38 14 Core Hits 99 | . 37 . 49 13 Critical Kills . | . . . . . Critical Parts Destroyed . | . . . . . Critical Strikes . | . . . . . Melee Attacks . | . . . . . Impact . | . . . . . Slashing . | . . . . . Piercing . | . . . . . Sneak Attacks . | . . . . . Combat Hostiles . | . . . . . Follow-up Attacks . | . . . . . Damage Inflicted 3038 | . 1113 . 1604 321 Guns 1247 | . 657 . 389 201 Cannons . | . . . . . Explosions 1776 | . 456 . 1215 105 Melee . | . . . . . Ramming 15 | . . . . 15 Kinetic 1077 | . 657 . 389 31 Thermal . | . . . . . Explosive 1756 | . 456 . 1195 105 Electromagnetic 190 | . . . 20 170 Impact . | . . . . . Slashing . | . . . . . Piercing . | . . . . . Highest Corruption 7 | . . . . 7 Average Corruption 6 | . . . . 6 Corruption Purged . | . . . . . Corruption Blocked . | . . . . . Effects 1 | . . . . 1 Heat Flow Errors 1 | . . . . 1 Overload Shots . | . . . . . Overflow Damage 40 | . 22 . 18 . Projectiles . | . . . . . Explosions 40 | . 22 . 18 . Melee . | . . . . . Knockbacks . | . . . . . Impact . | . . . . . Kinetic . | . . . . . Secondary . | . . . . . Self-Inflicted Damage 41 | . . . 41 . Shots 3 | . . . 3 . Rammed . | . . . . . Targets Rammed 3 | . . . . 3 Kicked 3 | . . . . 3 Crushed . | . . . . . Highest Temperature 436 | . 69 . 43 436 Average Temperature 65 | . 18 . 18 180 Received Heat Transfer 976 | . 408 . 216 352 Effects 4 | . . . . 4 Shutdowns 1 | . . . . 1 Energy Bleed 1 | . . . . 1 Interference 2 | . . . . 2 Siege Activations . | . . . . . Robots Corrupted . | . . . . . Combat Hostiles . | . . . . . Parts Fried . | . . . . . Impact Corruptions . | . . . . . Robots Melted . | . . . . . Combat Hostiles . | . . . . . Parts Melted . | . . . . . Heat Transferred . | . . . . . Parts Sabotaged . | . . . . . Parts Stolen . | . . . . . Parts Stripped . | . . . . . Power Chain Reactions . | . . . . . Alert | -11 -10 -10 -9 -9 ------- Run | Yrd Mat Min Mat Min Peak Influence 600 | . 236 19 600 309 Initial 226 | . . 19 7 226 Average 214 | . 124 19 352 287 Maximum Alert Level 2 | . 1 . 2 1 Low Security (%) 45 | 100 62 100 27 . Level 1 34 | . 37 . 12 100 Level 2 20 | . . . 59 . Level 3 . | . . . . . Level 4 . | . . . . . Level 5 . | . . . . . High Security . | . . . . . Max Security . | . . . . . Squads Dispatched 5 | . 5 . . . Investigation 2 | . 2 . . . Extermination . | . . . . . Reinforcement 3 | . 3 . . . Assault . | . . . . . Garrison . | . . . . . Intercept . | . . . . . Searches Triggered . | . . . . . Construction Impeded . | . . . . . Haulers Reinforced . | . . . . . Active Scanning Responses . | . . . . . Cargo Convoy Interrupts . | . . . . . Stealth | -11 -10 -10 -9 -9 --------- Run | Yrd Mat Min Mat Min Distress Signals 3 | . 2 . 1 . Communications Jammed . | . . . . . Distress Signals . | . . . . . Times Spotted 62 | . 23 . 25 14 Peak Tracking Total 10 | . 5 . 7 10 Tactical Retreats 2 | . 1 . 1 . Traps | -11 -10 -10 -9 -9 ------- Run | Yrd Mat Min Mat Min Traps Triggered 1 | . 1 . . . Indirectly . | . . . . . Trap Hack Attempts . | . . . . . Triggered . | . . . . . Disarmed . | . . . . . Reprogrammed . | . . . . . Reused . | . . . . . Traps Extracted . | . . . . . Installed . | . . . . . Triggered . | . . . . . Machines | -11 -10 -10 -9 -9 ---------- Run | Yrd Mat Min Mat Min Machines Disabled 9 | . . . 9 . Max in Single Turn 2 | . . . 2 . Machines Repaired . | . . . . . Machines Dismantled . | . . . . . Machines Sabotaged . | . . . . . Overloaded Fab Kills . | . . . . . Hacking | -11 -10 -10 -9 -9 --------- Run | Yrd Mat Min Mat Min Machines Accessed 4 | . 1 . 3 . Terminals 4 | . 1 . 3 . Fabricators . | . . . . . Repair Stations . | . . . . . Recycling Units . | . . . . . Scanalyzers . | . . . . . Garrison Access . | . . . . . Total Hacks 10 | . 3 . 7 . Successful 3 | . . . 3 . Failed 7 | . 3 . 4 . Catastrophic 1 | . . . 1 . Database Lockouts . | . . . . . Manual 9 | . 5 . 4 . Terminals 10 | . 3 . 7 . Fabricators . | . . . . . Repair Stations . | . . . . . Recycling Units . | . . . . . Scanalyzers . | . . . . . Garrison Access . | . . . . . Terminal Hacks 3 | . . . 3 . Part Schematic 1 | . . . 1 . Registered Components 1 | . . . 1 . Registered Prototypes 1 | . . . 1 . Fabricator Hacks . | . . . . . Repair Station Hacks . | . . . . . Recycling Unit Hacks . | . . . . . Scanalyzer . | . . . . . Garrison Access Hacks . | . . . . . Unauthorized Hacks . | . . . . . Terminals . | . . . . . Fabricators . | . . . . . Repair Stations . | . . . . . Recycling Units . | . . . . . Scanalyzers . | . . . . . Garrison Access . | . . . . . Data Cores Recovered 1 | . 1 . . . Used . | . . . . . Hacking Detections 5 | . 2 . 3 . Full Trace Events 2 | . 1 . 1 . Feedback Events . | . . . . . Feedback Blocked . | . . . . . Robot Schematics Acquired . | . . . . . Robots Built . | . . . . . Authchips . | . . . . . Time . | . . . . . Total Robot Build Rating . | . . . . . Part Schematics Acquired 1 | . . . 1 . Parts Built . | . . . . . Authchips . | . . . . . Time . | . . . . . Total Part Build Rating . | . . . . . Parts Repaired . | . . . . . Time . | . . . . . Parts Recycled . | . . . . . Recycled Matter . | . . . . . Retrieved Matter . | . . . . . Retrieved Components . | . . . . . Parts Scanalyzed . | . . . . . Part Schematics Acquired . | . . . . . Parts Damaged . | . . . . . Bothacking | -11 -10 -10 -9 -9 ------------ Run | Yrd Mat Min Mat Min Used RIF Installer . | . . . . . Robots Hacked . | . . . . . Non-combat . | . . . . . Combat . | . . . . . Robot Hacks Applied . | . . . . . Relay Couplers Released . | . . . . . Fabnet Peak Effective % . | . . . . . Robots Rewired . | . . . . . Allies Hacked . | . . . . . Hacks Repelled . | . . . . . Allies | -11 -10 -10 -9 -9 -------- Run | Yrd Mat Min Mat Min Total Allies 1 | . . . . 1 Largest Group 1 | . . . . 1 Highest-Rated Group 31 | . . . . 31 Highest-Rated Ally 31 | . . . . 31 Total Orders . | . . . . . Ally Attacks 7 | . . . . 7 Total Damage 43 | . . . . 43 Kills . | . . . . . Allies Corrupted . | . . . . . Allies Melted . | . . . . . Intel | -11 -10 -10 -9 -9 ------- Run | Yrd Mat Min Mat Min Robot Analysis Total . | . . . . . Derelict Logs Recovered 1 | . . . . 1 Drone Launches . | . . . . . Drone Recoveries . | . . . . . Exploration | -11 -10 -10 -9 -9 ------------- Run | Yrd Mat Min Mat Min Turns Passed 1976 | 58 946 62 674 236 Spaces Moved 1078 | 42 426 52 445 113 Core 14 | 9 . . . 5 Treads . | . . . . . Legs 1064 | 33 426 52 445 108 Wheels . | . . . . . Hover . | . . . . . Flight . | . . . . . Fastest Speed 50 | 50 120 120 120 100 Average Speed 128 | 121 120 120 124 182 Slowest Speed 190 | 150 120 120 190 190 Overloaded Moves . | . . . . . Propulsion Burnouts . | . . . . . Robots Hopped . | . . . . . Cave-ins Triggered . | . . . . . Exploration Rate (%) 29 | 5 56 20 50 17 Regions Visited 4 Branch Regions 2 Pre-discovered Areas 1 | . . . . 1 Known Exits Taken . | . . . . . Unknown Exits Taken 4 | 1 1 1 1 . Scrap Searched . | . . . . . Spaces Dug . | . . . . . Terrain Destroyed 203 | . 52 . 137 14 Melee . | . . . . . Projectile . | . . . . . AOE 203 | . 52 . 137 14 Terrain Rammed . | . . . . . Walls Destroyed . | . . . . . Machines Disabled . | . . . . . Actions | -11 -10 -10 -9 -9 --------- Run | Yrd Mat Min Mat Min Total 1486 | 46 764 51 501 124 Wait 280 | . 278 . 2 . Move 1074 | 41 425 51 444 113 Hop . | . . . . . Pick Up 2 | . . . 2 . Fast Attach 20 | 5 6 . 9 . Attach 2 | . . . 2 . Detach . | . . . . . Swap 3 | . 1 . 1 1 Drop 4 | . 2 . 2 . Fire 98 | . 52 . 39 7 Melee . | . . . . . Ram . | . . . . . Kick 3 | . . . . 3 Crush . | . . . . . Escape Stasis . | . . . . . Rewire . | . . . . . Trap . | . . . . . Miscellaneous . | . . . . . Route ------- -11/Scrapyard -10/Materials (discovered 3 exits: *Mat x2 / [*Min]) -10/Mines -9/Materials -9/Mines History --------- Turn | Location | Event 12 | -11/Scrapyard | Discovered new exit (range 15) 59 | -11/Scrapyard | Entered Materials 155 | -10/Materials | Discovered new exit (range 14) 307 | -10/Materials | Build established: Mutant 314 | -10/Materials | Core integrity fell below 50% 417 | -10/Materials | Discovered new exit (range 8) 460 | -10/Materials | Discovered new exit (range 16) 559 | -10/Materials | Derelicts attacked the area 615 | -10/Materials | Core integrity fell below 20% 870 | -10/Materials | Build established: Hacker-Mutant 1005 | -10/Materials | Entered Mines 1022 | -10/Mines | Met a Derelict bent on vengeance 1050 | -10/Mines | Discovered new exit (range 13) 1067 | -10/Mines | Entered Materials 1067 | -9/Materials | Evolved 2 slots: Weapon x2 1276 | -9/Materials | Lost 3 parts (1p1n1w) 1317 | -9/Materials | Discovered new exit (range 12) 1502 | -9/Materials | Lost 4 parts (1p1n1u1w) 1741 | -9/Materials | Entered Mines 1826 | -9/Mines | Found a hidden stash of uninstalled traps 1842 | -9/Mines | Received a Mining Laser from a helpful Derelict 1916 | -9/Mines | Assembled infested the area 1921 | -9/Mines | Assisted by a Guerilla fighting off Assembled 1966 | -9/Mines | Core integrity fell below 50% 1974 | -9/Mines | Core integrity fell below 20% 1977 | -9/Mines | Destroyed by as-33183 with Assembled Blade Last Messages --------------- System corrupted by crushing effect (+5). Knocked back. Critical hit (Burn: +80). Hacking Suite destroyed. System corrupted by crushing effect (+2). Knocked back. as-11758 destroyed. Acquired 20 matter. Rocket Launcher destroyed. System corrupted: Heat flow error (+149). Power failure, Imp. Ion Engine shutdown. Imp. EM Shotgun destroyed. Aluminum Leg destroyed. Imp. Ion Engine destroyed. Overheating: System interference. Imp. EM Shotgun temporarily disabled. Hpw. Tractor Beam temporarily disabled. Aluminum Leg destroyed. Overheating: Energy bleed (-12). Imp. EM Shotgun destroyed. Map ----- +----------------------------------------------------+ | ?????????????????? ###????????? | | ??????????????????? #????????? | | ???????????????????? #????????? | | ????????????????????# #????????? | | ???????????????????## * ##????????? | | ???????????????????# * ! #????????? | | ???????????????????##[*! #????????? | | ????????????????????## #????????? | | ?????????????????????# ##????????? | | ??????################ #?????????? | | ??????# #?????????? | | ????### ############## #?????????? | | ????# #??????????# #?????????? | | ????# #??????????# #?????????? | | ????# #??????????# #?????????? | | ????# #??????????# ##???#????? | | ????# #?????????## ### #????? | | ????# #?####????# && #????? | | ????######### a###### & ####????? | | ?????????### aa &##???????? | | ????????## a #????????? | | ???????## | aaa# ### #????????? | | ???????# ## #?## ##????????? | | ???????# aa ## #??####?????????? | | ??###### a ## #???????????????? | | ?## ## @ ### ######??????????? | | ?# ##?# #??????????? | | ?# ##??###### #??????????? | | ?# ###????????# #??????????? | | ?## ####??????????# #??????????? | | ??######?????????????# #??????????? | | ?????????????????????# #??????????? | | ?????????????????????# $??????????? | | ?????????????????????###??????????? | | ??????????????????????????????????? | | ??????????????????????????????????? | | ??????????????????????????????????? | | ??????????????????????????????????? | | ??????????????????????????????????? | | | | | | | | | | | | | | | | | | | | | | | +----------------------------------------------------+ Best States ------------- Heat Dissipation 28 Energy Generation 14 Energy Capacity 265 Matter Stores 300 Matter Capacity 300 Sight Range 16 Terrain Scan Density 10 Evasion (%) 55 Offensive Hacking 20 Item Schematics ----------------- EMP Blaster | -9/Materials | Hacked Robot Schematics ------------------ None Fabricated ------------ Nothing Alien Tech Used ----------------- None Achievements -------------- None Challenges ------------ None Game ------ Seed ZhirovGrapheneFlightbrick Manual? 0 Play Time 00:15:02 Cumulative 43.4 hours Start 2024.07.25 @ 13:46:23 End 2024.07.25 @ 13:59:42 Sessions 1 Manual Loads 0 Difficulty Rogue Special Mode None Game No. 95 Rogue 25 Adventurer 70 Explorer 0 Win Type - Total 0 Types 0/0/0/0/0/0/0/0/0 Lore% 33 Gallery% 35 Achievement% 29 Wizard Run 0 Options --------- Layout 0 ASCII 0 Keyboard 0 Movement Mouse Keybinds 0 Fullscreen 1 Font 24/Smallcaps Map View 76x50 Zoom Use 0% Tactical HUD 0 Map Filters NONE Filters NONE Steam 1 RUN: 17956123-fe4f-434c-a26d-bd4c6bcd98a4